 Dungeon Crawl Stone Soup version 0.24.0-29-g8ce449bc06 (webtiles) character file.

Game seed: 8555616960049506593, levelgen mode: deterministic

4281 Curus the Spear-Bearer (level 10, -2/86 HPs)
             Began as a Minotaur Fighter on Nov 14, 2019.
             Was a Follower of Lugonu.
             Slain by a seven-headed hydra (11 damage)
             ... on level 1 of the Lair of Beasts on Nov 15, 2019.
             The game lasted 00:31:24 (6444 turns).

Curus the Spear-Bearer (Minotaur Fighter)           Turns: 6444, Time: 00:31:25

Health: -2/86      AC: 12    Str: 22    XL:     10   Next: 10%
Magic:  12/12      EV:  5    Int:  7    God:    Lugonu [*.....]
Gold:   572        SH: 10    Dex: 12    Spells: 9/9 levels left

rFire    + . .     SeeInvis .   a - +1 trident
rCold    + . .     Gourm    .   c - +1 shield
rNeg     . . .     Faith    .   s - +0 chain mail
rPois    .         Spirit   .   h - +2 hat
rElec    .         Reflect  .   p - scarf {rC+ rF+}
rCorr    .         Harm     .   (no gloves)
MR       .....     Clarity  +   k - +0 pair of boots
Stlth    ..........             (no amulet)
HPRegen  0.24/turn              j - ring of flight
MPRegen  0.13/turn              (no ring)

@: no status effects
A: retaliatory headbutt, horns 2, agile 1, clarity, sense surroundings 1
a: Depart the Abyss, Renounce Religion, Evoke Flight


You were on level 1 of the Lair of Beasts.
You worshipped Lugonu.
Lugonu was aware of your devotion.
You were not hungry.

You visited 2 branches of the dungeon, and saw 10 of its levels.
You visited the Abyss 1 time.

You collected 572 gold pieces.

Inventory:

Hand Weapons
 a - a +1 trident (weapon)
Armour
 b - a +0 scale mail
 c - a +1 shield (worn)
 h - a +2 hat (worn)
 k - a +0 pair of boots (worn)
 p - a scarf of resistance (worn)
 s - a +0 chain mail (worn)
Jewellery
 j - a ring of flight (left hand)
 n - an uncursed amulet of inaccuracy
Wands
 l - a wand of random effects (18)
 r - a wand of flame (24)
 u - a wand of digging (12)
Scrolls
 e - 9 scrolls of identify
 i - 3 scrolls of remove curse
 m - 3 scrolls of teleportation
 q - 2 scrolls of fear
Potions
 d - a potion of brilliance
 g - a potion of invisibility
Comestibles
 f - 14 rations
 t - a chunk of flesh


   Skills:
 + Level 7.5 Fighting
 - Level 14.3 Polearms
 - Level 4.7 Armour
 - Level 3.6 Shields
 + Level 4.6 Invocations


You had 9 spell levels left.
You didn't know any spells.
Your spell library was empty.

Dungeon Overview and Level Annotations

Branches:
Dungeon (9/15)             Temple (0/1) D:4            Lair (1/6) D:9
    Orc: D:9-12

Altars:
Cheibriados
Sif Muna

Shops:
D:6 =


Innate Abilities, Weirdness & Mutations

You reflexively headbutt those who attack you in melee.
You have a pair of horns on your head.
You are agile. (Dex +2)
You possess an exceptional clarity of mind.
You passively map a small area around you.


Message History

You feel much better.
You block the seven-headed hydra's attack.
The seven-headed hydra bites you but does no damage.
The seven-headed hydra bites you. x2
The seven-headed hydra bites you but does no damage.
You block the seven-headed hydra's attack.
The seven-headed hydra bites you!
* * * LOW HITPOINT WARNING * * *
There is a staircase back to the Dungeon here.
You block the seven-headed hydra's attack.
The seven-headed hydra bites you but does no damage.
The seven-headed hydra bites you!
* * * LOW HITPOINT WARNING * * *
The seven-headed hydra bites you.
* * * LOW HITPOINT WARNING * * *
You block the seven-headed hydra's attack.
The seven-headed hydra bites you.
* * * LOW HITPOINT WARNING * * *
The seven-headed hydra bites you!
You die...

..... .... .....
.... .. , ......
..., ... *
......###.####.. ,
, ......#.........
, ,......P......#
, ......P......#,
.............#...
........D@...P...,
,......#.+###.....
, ........., ,....
* , ......... ..
,, ....!$.... ,, ,
...[...... , ,
,....>...... , ,
......P , , , ,


You could see a seven-headed hydra.

Vanquished Creatures
  Erica (D:9)
  Pikel (D:4)
  Maurice (D:8)
  Psyche (D:8)
  A hippogriff (D:9)
  A hornet (D:9)
  Grum (D:8)
  An orc warrior (D:8)
  A phantom (D:4)
  A slave (D:4)
  An ice beast (D:5)
  An ogre (D:6)
  A centaur (D:8)
  2 wolves (D:8)
  3 bullfrogs
  A water moccasin skeleton (D:5)
  6 killer bees (D:9)
  2 howler monkeys
  2 jellies
  2 hounds
  2 bullfrog skeletons
  3 orc wizards
  2 iguanas
  6 worker ants
  2 worker ant zombies
  11 gnolls
  13 adders
  2 shadow imps
  6 worms
  A dart slug (D:1)
  5 leopard geckos
  17 orcs
  2 ball pythons (D:3)
  10 bats
  7 giant cockroaches
  4 goblins
  6 hobgoblins
  11 jackals
  11 kobolds
  4 quokkas
  5 frilled lizards
  A jackal skeleton (D:4)
  A leopard gecko skeleton (D:4)
  2 quokka zombies (D:8)
  5 rats
170 creatures vanquished.

Notes
Turn   | Place    | Note
-------+----------+-------------------------------------------
     0 | D:1      | Curus the Minotaur Fighter began the quest for the Orb.
     0 | D:1      | Reached XP level 1. HP: 19/19 MP: 0/0
    35 | D:1      | Reached skill level 3 in Polearms
    87 | D:1      | Reached XP level 2. HP: 26/26 MP: 1/1
   404 | D:1      | Gained mutation: You possess an exceptional clarity of
                  | mind. [potion of mutation]
   404 | D:1      | Gained mutation: You are agile. (Dex +2) [potion of
                  | mutation]
   404 | D:1      | Gained mutation: You passively map a small area around you.
                  | [potion of mutation]
   615 | D:2      | Reached skill level 4 in Polearms
   620 | D:2      | Reached XP level 3. HP: 27/31 MP: 2/2
   663 | D:2      | Reached skill level 5 in Polearms
   675 | D:2      | Reached XP level 4. HP: 21/39 MP: 3/3
  1056 | D:2      | Reached skill level 6 in Polearms
  1240 | D:3      | Reached XP level 5. HP: 45/45 MP: 4/4
  1379 | D:3      | Reached skill level 7 in Polearms
  1967 | D:4      | Reached XP level 6. HP: 34/51 MP: 5/5
  2102 | D:4      | Reached skill level 8 in Polearms
  2117 | D:4      | Found a staircase to the Ecumenical Temple.
  2240 | D:4      | Reached skill level 9 in Polearms
  2367 | D:4      | Noticed a slave
  2368 | D:4      | Found a snail-covered altar of Cheibriados.
  2368 | D:4      | Noticed a slave
  2369 | D:4      | Noticed a slave
  2370 | D:4      | Noticed Pikel
  2392 | D:4      | Killed a slave
  2397 | D:4      | Noticed a slave
  2410 | D:4      | Killed Pikel
  2410 | D:4      | Reached skill level 10 in Polearms
  2410 | D:4      | Reached XP level 7. HP: 33/57 MP: 6/6
  2715 | D:5      | Entered Level 5 of the Dungeon
  2736 | D:5      | Reached skill level 11 in Polearms
  2856 | D:5      | Reached XP level 8. HP: 47/64 MP: 7/7
  3181 | D:6      | Reached skill level 12 in Polearms
  3269 | D:6      | Found Veblept's Jewellery Emporium.
  3793 | D:6      | Found a shimmering blue altar of Sif Muna.
  4514 | D:8      | Noticed Grum
  4532 | D:8      | Killed Grum
  4532 | D:8      | Reached skill level 13 in Polearms
  4919 | D:8      | Reached XP level 9. HP: 50/70 MP: 8/8
  5070 | D:8      | Noticed Psyche
  5077 | D:8      | Cast into level 1 of the Abyss (Psyche)
  5091 | Abyss:1  | Found a corrupted altar of Lugonu.
  5098 | Abyss:1  | Became a worshipper of Lugonu the Unformed
  5098 | Abyss:1  | Reached * piety under Lugonu
  5107 | D:8      | Escaped the Abyss
  5120 | D:8      | Killed Psyche
  5120 | D:8      | Reached skill level 14 in Polearms
  5162 | D:8      | Noticed Maurice
  5559 | D:8      | Killed Maurice
  5689 | D:9      | Noticed Erica
  5692 | D:9      | Reached skill level 5 in Fighting
  5692 | D:9      | Reached skill level 1 in Invocations
  5713 | D:9      | Killed Erica
  6201 | D:9      | Reached XP level 10. HP: 86/86 MP: 10/12
  6220 | D:9      | Found a staircase to the Lair.
  6428 | Lair:1   | Entered Level 1 of the Lair of Beasts
  6428 | Lair:1   | Noticed a seven-headed hydra
  6444 | Lair:1   | Slain by a seven-headed hydra

Levels and vault maps discovered:
D:1:      wheals_arrival_shading, layout_basic
D:2:      layout_rooms, first_ration
D:3:      minmay_door_path, layout_rooms, chequers_hall_statues_wall_a
D:4:      layout_cave_pods, cheibriados_altar_1,
          minmay_temple_entry_from_below_a, uniq_pikel
D:5:      minmay_angry_zag, layout_rooms
D:6:      layout_cave_pods, serial_shops, shop,
          eino_small_chamber_without_monster, lemuel_blue_sif_altar
D:7:      layout_cave_pods
D:8:      layout_basic, uniq_grum, uniq_psyche, uniq_maurice
D:9:      layout_rooms, lair_entry_dummy, david_nohive_1, uniq_erica
Lair:1:   lemuel_ratsnest, layout_regular_city, uniq_urug

Skill      XL: |  1  2  3  4  5  6  7  8  9 |
---------------+----------------------------+-----
Polearms       | 3 4 5 6 7 10 11 13 14 | 14.3
Fighting       | 7 |  7.5
Armour         | 4 |  4.7
Invocations    | 4 |  4.6
Shields        | |  3.6

Action                   |  1- 3 |  4- 6 |  7- 9 | 10-12 || total
-------------------------+-------+-------+-------+-------++-------
Melee: Trident           |    87 |   221 |   346 |    40 ||   694
       Headbutt          |     5 |    31 |    50 |    10 ||    96
Invok: Depart the Abyss  |       |       |     1 |       ||     1
Evoke: Wand              |       |       |     6 |       ||     6
  Use: Potion            |     5 |     4 |     2 |     1 ||    12
       Scroll            |     3 |     3 |     5 |       ||    11
 Stab: Invisible         |     2 |       |       |       ||     2
  Eat: Chunk             |       |     5 |     6 |       ||    11
       Ration            |       |       |     2 |       ||     2
Armor: Scale mail        |    43 |    66 |    33 |       ||   142
       Chain mail        |       |       |    48 |    43 ||    91
Dodge: Dodged            |    35 |    37 |    34 |    10 ||   116
Block: Shield            |    48 |    68 |    87 |    34 ||   237
